 Dungeon Crawl Stone Soup version 0.28-a0-8-g6e044cf (webtiles) character file.

Game seed: 10979207646814392011

173 MrTaco21 the Skirmisher (level 5, -1/43 HPs)
             Began as a Demonspawn Fighter on July 24, 2021.
             Killed by nerve-wracking pain
             ... invoked by Grinder
              (3 damage)
             ... on level 3 of the Dungeon.
             The game lasted 00:03:21 (2890 turns).

MrTaco21 the Skirmisher (Demonspawn Fighter)        Turns: 2890, Time: 00:03:21

Health: -1/43      AC:  7    Str: 18    XL:     5   Next: 28%
Magic:  5/5        EV:  7    Int:  9    God:
Gold:   101        SH:  8    Dex: 12    Spells: 4/4 levels left

rFire   . . .      SeeInvis .   a - +0 trident
rCold   . . .      Faith    .   c - +0 kite shield
rNeg    . . .      Spirit   .   b - +0 scale mail
rPois   .          Reflect  .   (helmet restricted)
rElec   .          Harm     .   (no cloak)
rCorr   .          Rampage  .   (no gloves)
Will    .....                   e - +0 pair of boots
Stlth   ..........              (no amulet)
HPRegen 0.14/turn               (no ring)
MPRegen 0.09/turn               (no ring)

@: no status effects
A: horns 1, powered by pain 1
a: no special abilities


You were on level 3 of the Dungeon.
You visited 1 branch of the dungeon, and saw 3 of its levels.

You collected 101 gold pieces.

Inventory:

Hand Weapons
 a - a +0 trident (weapon)
Armour
 b - a +0 scale mail (worn)
 c - a +0 kite shield (worn)
 e - a +0 pair of boots (worn)
   (You found it on level 1 of the Dungeon)
Scrolls
 g - a scroll of acquirement {unknown}
 i - a scroll of magic mapping {unknown}
 m - a scroll of identify {unknown}
Potions
 d - 2 potions of might
 f - a potion of degeneration {unknown}
 h - a potion of attraction {unknown}
 j - 2 potions of haste {unknown}
 k - a potion of heal wounds {unknown}
 l - a potion of curing {unknown}


   Skills:
 - Level 4.6 Fighting
 + Level 3.9 Polearms
 - Level 2.6 Armour
 - Level 2.6 Shields


You had 4 spell levels left.
You didn't know any spells.
Your spell library was empty.

Dungeon Overview and Level Annotations

Branches:
Dungeon (3/15)

Altars:
Okawaru

Shops:
D:2 *

Annotations:
D:3 Grinder


Innate Abilities, Weirdness & Mutations

You have a pair of small horns on your head.
You sometimes gain a little power by taking damage.


Message History

The orc wizard points at you and mumbles some strange words.
The magic dart hits you. The orc barely misses you.
You puncture the orc wizard!
You kill the orc wizard!
You block the orc's attack. x2
You puncture the orc!
You kill the orc!
The orc hits you with a +0 flail!
* * * LOW HITPOINT WARNING * * *
You focus on the pain.
You feel agile all of a sudden.
You are too injured to fight recklessly!
You are too injured to fight recklessly!
You hit the orc. You headbutt the orc.
You kill the orc!
Things that are here:
a +0 flail; a +0 ring mail You start resting.
You feel a little less agile now.
Grinder is nearby!
Grinder shouts!
You hear a shout! x2
There is an open door, spattered with blood here.
Unknown command.
Your scale mail prevents you from hitting Grinder.
Grinder hits you.
* * * LOW HITPOINT WARNING * * *
You writhe in agony.
* * * LOW HITPOINT WARNING * * *
Grinder hits you!
* * * LOW HITPOINT WARNING * * *
You writhe in agony.
* * * LOW HITPOINT WARNING * * *
You puncture Grinder! Grinder barely misses you.
Unknown command.
You barely miss Grinder.
Grinder blinks!
Unknown command.
Unknown command.
You puncture Grinder! Grinder closely misses you. Grinder hits you.
* * * LOW HITPOINT WARNING * * *
You writhe in agony.
* * * LOW HITPOINT WARNING * * *
Unknown command.
You closely miss Grinder. Grinder hits you.
* * * LOW HITPOINT WARNING * * *
You writhe in agony.
* * * LOW HITPOINT WARNING * * *
You closely miss Grinder. Grinder gestures at you.
Pain shoots through your body!
You die...

#.#.............#.###.....
#.#.##+##########.#####.##
#...##.# #.......#
#......# #########
#......# #......####
#........o# #.....###5#
#.....# #@# ###+### #.#
####'##+#### #..))).....#
#..........# #..........#
#..........# #..........#
#..........#


You could see Grinder and an orc.

Vanquished Creatures
  A centaur skeleton (D:2)
  An orc wizard (D:3)
  3 adders (D:2)
  A worm (D:2)
  A dart slug (D:1)
  5 orcs
  4 bats
  7 endoplasms
  5 giant cockroaches
  5 hobgoblins
  13 jackals (D:1)
  8 kobolds
  2 quokkas
  3 ball pythons
  3 frilled lizards
  7 goblins
  6 rats
75 creatures vanquished.

Notes
Turn   | Place    | Note
-------+----------+-------------------------------------------
     0 | D:1      | MrTaco21 the Demonspawn Fighter began the quest for the
                  | Orb.
     0 | D:1      | Reached XP level 1. HP: 18/18 MP: 1/1
    67 | D:1      | Gained mutation: You have a pair of small horns on your
                  | head. [demonic ancestry]
    67 | D:1      | Reached XP level 2. HP: 6/24 MP: 2/2
   331 | D:1      | Reached skill level 4 in Fighting
   792 | D:1      | Reached XP level 3. HP: 30/30 MP: 3/3
  1404 | D:1      | Found a faded altar of an unknown god.
  1620 | D:2      | Gained mutation: You sometimes gain a little power by
                  | taking damage. [demonic ancestry]
  1620 | D:2      | Reached XP level 4. HP: 38/38 MP: 4/4
  1673 | D:2      | Found an iron altar of Okawaru.
  1786 | D:2      | Found Woghuos's Assorted Antiques.
  2546 | D:3      | Noticed Grinder
  2572 | D:2      | Reached XP level 5. HP: 24/43 MP: 5/5
  2889 | D:3      | HP: 1/43 [Grinder (2)]
  2890 | D:3      | Killed from afar by Grinder

Illustrated notes

Levels and vault maps discovered:
D:1:      dpeg_arrival_radiant, layout_loops_cross,
          dilly_ecumenical_altar_fadedgnrine, chequers_arboretum
D:2:      layout_loops_ring, basic_altar, serial_shops, nicolae_shop_crystal,
          minmay_misc_feat_cross
D:3:      layout_basic, uniq_grinder

Skill      XL: |  1  2  3  4 |
---------------+-------------+-----
Fighting       | 4 |  4.6
Polearms       | 2 3 |  3.9
Armour         | |  2.6
Shields        | |  2.6

Action                   |  1- 3 |  4- 6 || total
-------------------------+-------+-------++-------
Melee: Trident           |   130 |    90 ||   220
       Headbutt          |    15 |    14 ||    29
Armor: Scale mail        |    91 |    19 ||   110
Dodge: Dodged            |    44 |    15 ||    59
Block: Kite shield       |    75 |    32 ||   107

Table legend: (Time is in decaauts)
 A = Elapsed time spent in this place.
 B = Non-inter-level travel time spent in this place.
 C = Inter-level travel time spent in this place.
 D = Time resting spent in this place.
 E = Time spent auto-exploring this place.
 F = Levels seen in this place.
 G = Mean time per level.
                   A        B        C        D        E       F      G
               +--------+--------+--------+--------+--------+-----+--------+
         Total |   2988 |   2917 |     71 |    653 |   1753 |   3 |  996.0 |
       Dungeon |   2988 |   2917 |     71 |    653 |   1753 |   3 |  996.0 |
               +--------+--------+--------+--------+--------+-----+--------+

Top non-repeatable levels by time:
     D:1: 1473 daAuts
     D:2: 1206 daAuts
     D:3: 308 daAuts
